 Dungeon Crawl Stone Soup version 0.29-a0-414-g5075937ec3 (webtiles) character file.

Game seed: 1877236699398903626

4 101zpm the Magician (level 1, -13/15 HPs)
             Began as a Djinni Fire Elementalist on May 15, 2022.
             Killed by divine providence
             ... invoked by an orc priest
              (14 damage)
             ... on level 4 of the Dungeon.
             The game lasted 00:01:47 (419 turns).

101zpm the Magician (Djinni Fire Elementalist)       Turns: 419, Time: 00:01:48

Health: -13/15     AC:  2    Str:  7    XL:     1   Next: 77%
Gold:   9          EV: 12    Int: 16    God:
                   SH:  0    Dex: 13

rFire   + + .      SeeInvis .   (no weapon)
rCold   x . .      Faith    .   (no shield)
rNeg    . . .      Spirit   .   a - +0 robe
rPois   ∞          Reflect  .   (no helmet)
rElec   .          Harm     .   (no cloak)
rCorr   .          Rampage  .   (no gloves)
Will    .....                   (boots unavailable)
Stlth   ++........              (no amulet)
HPRegen 0.05/turn               (no ring)
MPRegen 0.00/turn               (no ring)

@: flying
A: sickness immunity, fire resistance 2, cold vulnerability 1, float, innate
caster, HP casting, extra vitality 1
a: no special abilities


You were on level 4 of the Dungeon.
You visited 1 branch of the dungeon, and saw 4 of its levels.

You collected 9 gold pieces.

Inventory:

Armour
 a - a +0 robe (worn)
Wands
 b - a wand of flame (12)


   Skills:
 + Level 2.4 Dodging
 + Level 1.5 Stealth
 + Level 2.5 Spellcasting


You couldn't memorise any spells.
You knew the following spells:

 Your Spells              Type           Power      Damage    Failure   Level
a - Foxfire               Conj/Fire      40%        2x1d6     7%          1
b - Scorch                Fire           20%        2d6       11%         2
c - Conjure Flame         Conj/Fire      10%        6-21      21%         3
d - Inner Flame           Hex/Fire       10%        N/A       21%         3
e - Flame Wave            Conj/Fire      10%        2d5       56%         4
Your spell library was empty.

Dungeon Overview and Level Annotations

Branches:
Dungeon (4/15)
 Temple: D:4-7

Altars:


Innate Abilities, Weirdness & Mutations

You are immune to sickness and miasma.
You are immune to poison.
Your flesh is very heat resistant. (rF++)
You are vulnerable to cold. (rC-)
You float through the air rather than walking.
You learn spells naturally, not from books.
Your magical power is your life essence.
You have superior vitality. (+4 MHP)


Message History

You conjure some foxfire!
Aiming: Throw Flame
Press: ? - help, Shift-Dir - straight line, f - orc priest
Aim: an orc priest, wielding a +0 dagger (68% to hit)
The puff of flame hits the orc.
You kill the orc!
The foxfire hits the orc priest but does no damage.
The foxfire hits the orc priest.
The orc priest is heavily wounded.
Aiming: Throw Flame
Press: ? - help, Shift-Dir - straight line, f - orc, p - orc priest
Aim: an orc, wielding a +0 dagger (68% to hit)
The puff of flame hits the orc priest.
The orc priest is severely wounded.
The orc priest mumbles some strange prayers to Beogh against you.
Pain shoots through your body!
Casting: Foxfire (safe; 7% risk of failure)
Press: ? - help, Q - select action, (/) - cycle Dir - look around, f - activate You conjure some foxfire!
The foxfire hits the orc priest.
The orc priest is severely wounded.
The foxfire hits the orc priest but does no damage.
The orc priest is severely wounded.
Casting: Foxfire (safe; 7% risk of failure)
Press: ? - help, Q - select action, (/) - cycle Dir - look around, f - activate You conjure some foxfire!
The orc priest hits you with a +0 dagger.
* * * LOW HITPOINT WARNING * * *
The foxfire hits the orc.
The orc is heavily wounded.
The foxfire hits the orc priest.
The orc priest is almost dead.
Casting: Foxfire (safe; 7% risk of failure)
Press: ? - help, Q - select action, (/) - cycle Dir - look around, f - activate You conjure some foxfire!
* * * LOW HITPOINT WARNING * * *
The orc priest invokes the aid of Beogh against you.
Beogh smites you!
Ouch! That really hurt!
You die...

....o.........#
..o..........
.o......# #.....#
#...### ##....#
###########o...#
......v...)....#
......v@oo....##
........#.....#
........#..(....>
........#..#..##..
..............# #
......#.......#
#####.#.#..####
.#.....#


You could see 2 orc priests and an orc.

Vanquished Creatures
  An orc (D:4)
  A giant cockroach (D:1)
  2 kobolds (D:2)
4 creatures vanquished.

Vanquished Creatures (others)
  20 foxfires
20 creatures vanquished.

Grand Total: 24 creatures vanquished

Notes
Turn   | Place    | Note
-------+----------+-------------------------------------------
     0 | D:1      | 101zpm the Djinni Fire Elementalist began the quest for the
                  | Orb.
     0 | D:1      | Reached XP level 1. HP: 15/15 MP: 0/0
   405 | D:4      | Noticed an orc priest
   405 | D:4      | Noticed an orc priest
   419 | D:4      | Killed from afar by an orc priest

Illustrated notes

Levels and vault maps discovered:
D:1:      minmay_arrival_up_and_down, layout_basic,
          hellmonk_ecumenical_altar_crossroads, minmay_tall_x
D:2:      layout_basic
D:3:      layout_loops_ring, mainiacjoe_overflow_boulevard,
          nzn_wu_jian_contemplation, mainiacjoe_overflow_swirl,
          nicolae_ru_path_of_blood, serial_shops, shop,
          gammafunk_ghost_stat_death, uniq_sigmund
D:4:      layout_loops_cross, gammafunk_ghost_necromancy,
          kennysheep_generic_room_14

Action                   || total
-------------------------++-------
 Cast: Foxfire           ||    13
Evoke: Wand              ||     3
Dodge: Dodged            ||     2

Table legend: (Time is in decaauts)
 A = Elapsed time spent in this place.
 B = Non-inter-level travel time spent in this place.
 C = Inter-level travel time spent in this place.
 D = Time resting spent in this place.
 E = Time spent auto-exploring this place.
 F = Levels seen in this place.
 G = Mean time per level.
                   A        B        C        D        E       F      G
               +--------+--------+--------+--------+--------+-----+--------+
         Total |    418 |    409 |      9 |    224 |    124 |   4 |  104.5 |
       Dungeon |    418 |    409 |      9 |    224 |    124 |   4 |  104.5 |
               +--------+--------+--------+--------+--------+-----+--------+

Top non-repeatable levels by time:
     D:2: 376 daAuts
     D:1: 15 daAuts
     D:4: 13 daAuts
     D:3: 12 daAuts
